 Dungeon Crawl Stone Soup version 0.22.0-18-ge075c0d (webtiles) character file.

197 Amnesiac the Gusty (level 5, 0/35 HPs)
             Began as a Mummy Air Elementalist on Aug 18, 2018.
             Was an Initiate of Vehumet.
             Slain by a killer bee (6 damage)
             ... on level 2 of the Dungeon.
             The game lasted 00:04:52 (1641 turns).

Amnesiac the Gusty (Mummy Air Elementalist)         Turns: 1641, Time: 00:04:52

Health: 0/35       AC:  3    Str: 11    XL:     5   Next: 46%
Magic:  6/11       EV: 12    Int: 16    God:    Vehumet [......]
Gold:   106        SH:  0    Dex: 12    Spells: 9/12 levels left

rFire    x . .     SeeInvis .   a - +0 hunting sling
rCold    + . .     Gourm    .   (no shield)
rNeg     + + +     Faith    .   k - +1 robe
rPois    ∞         Spirit   .   (no helmet)
rElec    .         Reflect  .   (no cloak)
rCorr    .         Harm     .   (no gloves)
MR       .....                  (no boots)
Stlth    ++........             (no amulet)
HPRegen  0.11/turn              (no ring)
MPRegen  0.12/turn              (no ring)

@: no status effects
A: no food or potions, fire vulnerability, cold resistance 1, negative energy
resistance 3, torment resistance, unbreathing
a: Renounce Religion


You were on level 2 of the Dungeon.
You worshipped Vehumet.
Vehumet was noncommittal.
You were not hungry.

You visited 2 branches of the dungeon, and saw 5 of its levels.

You collected 106 gold pieces.

Inventory:

Hand Weapons
 a - a +0 hunting sling (weapon)
Missiles
 l - 50 stones (quivered)
Armour
 k - a +1 robe (worn)
Wands
 f - a wand of digging (12)
 g - a wand of paralysis (5)
Scrolls
 b - 2 scrolls of identify {!r}
 c - a scroll of enchant armour {!r}
 d - 2 scrolls of immolation {!r}
 j - 2 scrolls of teleportation {!r}


   Skills:
 - Level 1.5 Dodging
 - Level 1.5 Stealth
 + Level 4.4 Spellcasting
 - Level 0.7 Conjurations
 * Level 4.5 Air Magic


You had 9 spell levels left.
You knew the following spells:

 Your Spells              Type           Power        Failure   Level  Hunger
a - Shock                 Conj/Air       ##..         5%          1    N/A
z - Swiftness             Chrm/Air       ##......     10%         2    N/A

Your spell library contained the following spells:

 Spells                   Type           Power        Failure   Level  Hunger
 Static Discharge         Conj/Air       ##......     17%         3    N/A
 Airstrike                Air            ###.......   26%         4    N/A
 Lightning Bolt           Conj/Air       ##........   83%         5    N/A

Dungeon Overview and Level Annotations

Branches:
Dungeon (4/15)             Temple (1/1) D:4

Altars:
Elyvilon
Gozag
Kikubaaqudgha
Okawaru
Qazlal
Ru
Trog
Vehumet
Yredelemnul
Lugonu

Annotations:
D:3 exclusions: orc priest, orc warrior and upstairs
D:4 Blork the orc


Innate Abilities, Weirdness & Mutations

You do not eat or drink.
Your flesh is vulnerable to fire.
You are immune to poison.
Your flesh is cold resistant. (rC+)
You are immune to negative energy. (rN+++)
You are immune to unholy pain and torment.
You can survive without breathing.


Message History

Nothing appears to happen.
The killer bee misses you. The killer bee closely misses you.
Evoke which item? (* to show all) (? for menu, Esc to quit)
Aiming: Paralyse
Press: ? - help, Shift-Dir - straight line, f - killer bee
Aim: a killer bee (chance to defeat MR: 54%)
The killer bee suddenly stops moving!
You feel sluggish.
Quiver which item? (- for none, * to show all) (? for menu, Esc to quit)
Okay, then.
You start to feel a little faster.
The killer bee is no longer paralysed.
There is a stone staircase leading up here.
The killer bee barely misses you. x2
You climb upwards.
There is a stone staircase leading down here.
You no longer feel sluggish.
The killer bee barely misses you. x3
Casting: Swiftness (safe; 10% risk of failure)
Confirm with . or Enter, or press ? or * to list all spells.
Aiming: Shock (safe; 5% risk of failure)
Press: ? - help, Shift-Dir - straight line The zap hits the killer bee.
The killer bee is lightly wounded.
The zap hits the killer bee.
The killer bee is lightly wounded.
The killer bee stings you. The killer bee closely misses you.
Casting: Shock (safe; 5% risk of failure)
Confirm with . or Enter, or press ? or * to list all spells.
Aiming: Shock (safe; 5% risk of failure)
Press: ? - help, Shift-Dir - straight line The zap hits the killer bee.
The killer bee appears unharmed.
The killer bee is lightly wounded.
The zap misses the killer bee.
The killer bee misses you. The killer bee barely misses you.
Casting: Shock (safe; 5% risk of failure)
Confirm with . or Enter, or press ? or * to list all spells.
Aiming: Shock (safe; 5% risk of failure)
Press: ? - help, Shift-Dir - straight line The zap hits the killer bee.
The killer bee is moderately wounded.
The zap hits the killer bee.
The killer bee is heavily wounded.
The killer bee stings you.
* * * LOW HITPOINT WARNING * * *
The killer bee stings you but does no damage.
Casting: Shock (safe; 5% risk of failure)
Confirm with . or Enter, or press ? or * to list all spells.
Aiming: Shock (safe; 5% risk of failure)
Press: ? - help, Shift-Dir - straight line The zap misses the killer bee. x2
The killer bee stings you but does no damage.
The killer bee stings you.
* * * LOW HITPOINT WARNING * * *
Casting: Shock (safe; 5% risk of failure)
Confirm with . or Enter, or press ? or * to list all spells.
Aiming: Shock (safe; 5% risk of failure)
Press: ? - help, Shift-Dir - straight line The zap misses the killer bee.
The zap hits the killer bee.
The killer bee is severely wounded.
The killer bee stings you.
* * * LOW HITPOINT WARNING * * *
The killer bee stings you.
You die...

### #.. #.# #.#
. #.# ... #.#
.....##y#######
.......>@.....#
#.#####....#.##
####.# .# #


You could see a killer bee.

Vanquished Creatures
  A scorpion (D:4)
  2 hounds
  3 adders
  An ooze (D:1)
  A worm (D:3)
  2 dart slugs (D:1)
  A leopard gecko (D:1)
  5 orcs (D:4)
  A ball python (D:1)
  2 giant cockroaches
  5 goblins
  2 hobgoblins (D:1)
  4 jackals
  A quokka (D:4)
  5 bats
  2 frilled lizards (D:1)
  3 kobolds
  6 rats
47 creatures vanquished.

Notes
Turn   | Place    | Note
-------+----------+-------------------------------------------
     0 | D:1      | Amnesiac the Mummy Air Elementalist began the quest for the Orb.
     0 | D:1      | Reached XP level 1. HP: 13/13 MP: 4/4
    91 | D:1      | Reached XP level 2. HP: 15/19 MP: 0/5
   286 | D:2      | Learned a level 2 spell: Swiftness
   293 | D:3      | Noticed an orc warrior
   303 | D:4      | Noticed Blork the orc
   503 | D:3      | Reached XP level 3. HP: 24/24 MP: 3/7
   535 | D:2      | Noticed a killer bee
   659 | D:4      | Reached XP level 4. HP: 27/30 MP: 1/9
   799 | D:4      | Found a bloodstained altar of Trog.
   878 | D:4      | Found a staircase to the Ecumenical Temple.
  1035 | Temple   | Entered the Ecumenical Temple
  1074 | Temple   | Became a worshipper of Vehumet
  1103 | D:4      | Reached XP level 5. HP: 32/35 MP: 5/11
  1641 | D:2      | Slain by a killer bee

Skill      XL: |  1  2  3  4 |
---------------+-------------+-----
Air Magic      | 3 4 |  4.5
Spellcasting   | 3 4 |  4.4
Dodging        | |  1.5
Stealth        | |  1.5
Conjurations   | |  0.7

Action                   |  1- 3 |  4- 6 || total
-------------------------+-------+-------++-------
Melee: Mace              |    20 |       ||    20
 Fire: Hunting sling     |     1 |    74 ||    75
 Cast: Shock             |    32 |    28 ||    60
       Swiftness         |       |     1 ||     1
Evoke: Wand              |       |     5 ||     5
  Use: Scroll            |       |     5 ||     5
Armor: Robe              |    15 |    11 ||    26
Dodge: Dodged            |    39 |    60 ||    99
